 Dungeon Crawl Stone Soup version 0.17-a0-1685-g57e755e (webtiles) character file.

6230 Gorice the Basher (level 10, -5/71 HPs)
             Began as a Mummy Wanderer on Aug 19, 2015.
             Was a Believer of Makhleb.
             Slain by a river rat (8 damage)
             ... on level 9 of the Dungeon.
             The game lasted 00:52:22 (11916 turns).

Gorice the Basher (Mummy Wanderer)                 Turns: 11916, Time: 00:52:22

Health: -5/71      AC: 19    Str: 19    XL:     10   Next: 61%
Magic:  10/10      EV: 10    Int: 11    God:    Makhleb [**....]
Gold:   644        SH:  5    Dex: 12    Spells: 0 memorised, 9 levels left

rFire  x . .     SeeInvis .     a - +0 morningstar (protect)
rCold  + + .     Clarity  .     u - +2 scale mail
rNeg   + + +     SustAt   .     T - +2 buckler {reflect}
rPois  ∞         Gourm    .     l - +1 helmet
rElec  .         Spirit   .     O - +2 cloak
rCorr  +         Warding  .     (no gloves)
rMut   .         Stasis   .     n - +0 pair of boots
MR     +....                    Y - amulet of resist corrosion
Stlth  ..........               q - ring of protection from cold
                                I - +2 ring of evasion

@: very slightly contaminated, somewhat resistant to hostile enchantments,
extremely unstealthy
A: no food or potions, fire vulnerability, cold resistance 1, negative energy
resistance 3, torment resistance, unbreathing
a: Minor Destruction, Renounce Religion


You were on level 9 of the Dungeon.
You worshipped Makhleb.
Makhleb was pleased with you.
You were not hungry.

You visited 3 branches of the dungeon, and saw 11 of its levels.

You collected 644 gold pieces.

Inventory:

Hand weapons
 a - a +0 morningstar of protection (weapon)
   (You acquired it on level 8 of the Dungeon)
 b - a +0 hunting sling of flaming
   (You found it on level 7 of the Dungeon)
 f - the +2 mace of the Sky {flame, rF+ rN+ MR+}
   (You found it on level 6 of the Dungeon)

   It has been specially enchanted to burn those struck by it, causing extra
   injury to most foes and up to half again as much damage against particularly
   susceptible opponents.
   It protects you from fire.
   It protects you from negative energy.
   It affects your resistance to hostile enchantments.
 p - a +2 flail of protection
   (You took it off an orc on level 7 of the Dungeon)
 v - a +2 dagger of venom
   (You took it off an orc wizard on level 6 of the Dungeon)
 B - a +0 blowgun
Missiles
 s - 13 sling bullets of flame
 t - 6 tomahawks (quivered)
 y - 61 sling bullets
 A - 37 poisoned needles
 H - 5 curare-tipped needles
Armour
 l - a +1 helmet (worn)
 n - a +0 pair of boots (worn)
 u - a +2 scale mail (worn)
 O - a +2 cloak (worn)
 T - a +2 buckler of reflection (worn)
   (You took it off a tengu warrior on level 9 of the Dungeon)
Jewellery
 j - an uncursed amulet of warding
 q - a ring of protection from cold (right hand)
 C - an uncursed ring of teleportation
 F - an uncursed amulet of resist mutation
 I - a +2 ring of evasion (left hand)
 Y - an amulet of resist corrosion (around neck)
Magical devices
 z - a wand of digging (10)
 D - a wand of polymorph (10)
Scrolls
 c - a scroll of teleportation {!r}
 e - a scroll of blinking
 g - a scroll of magic mapping {!r}
 h - a scroll of identify
 k - a scroll of torment {!r}
 o - 2 scrolls of fog
Books
 K - a book of the Dragon
 L - a Grand Grimoire
Miscellaneous
 d - a disc of storms


   Skills:
 - Level 4.0 Fighting
 * Level 13.2 Maces & Flails
 - Level 1.5 Armour
 - Level 1.0 Shields
 - Level 1.0 Evocations


You had 9 spell levels left.
You didn't know any spells.

Dungeon Overview and Level Annotations

Branches:
Dungeon (9/15)             Temple (1/1) D:7            Lair (1/8) D:9
    Orc: D:9-12

Altars:
Ashenzari
Cheibriados
Dithmenos
Elyvilon
Fedhas
Gozag
Kikubaaqudgha
Makhleb
Nemelex Xobeh
Okawaru
Qazlal
Ru
Sif Muna
Trog
Vehumet
Xom
Yredelemnul
Zin
The Shining One

Shops:
D:5 !

Annotations:
D:3 1 runed door
D:6 George's ghost, experienced MfIE
D:8 exclusion: statue


Innate Abilities, Weirdness & Mutations

You do not eat or drink.
Your flesh is vulnerable to fire.
You are immune to poison.
Your flesh is cold resistant.
You are immune to negative energy.
You are immune to unholy pain and torment.
You can survive without breathing.


Message History

A river rat comes into view.
Read which item? (? for menu, Esc to quit)
Blink to where?
Press: ? - help, Dir - move target cursor You are very lightly contaminated with residual magic.
As you read the scroll of blinking, it crumbles to dust.
Read which item? (? for menu, Esc to quit)
Really read
c - 2 scrolls of teleportation {!r}?
As you read the scroll of teleportation {!r}, it crumbles to dust.
You feel strangely unstable.
Found 25 arrows.
An iguana comes into view.
The iguana hisses angrily.
Your surroundings suddenly seem different. 2 river rats come into view.
The river rat bites you but does no damage.
You enter the shallow water.
Moving in this stuff is going to be slow.
There is a staircase back to the Dungeon here.
The river rat bites you but does no damage.
You climb upwards.
Welcome back to the Dungeon!
There is a staircase to the Lair here.
You are too injured to fight recklessly!
You are too injured to fight recklessly!
You are too injured to fight recklessly!
You are too injured to fight recklessly!
You are too injured to fight recklessly!
You are too injured to fight recklessly!
You puncture the river rat!
The river rat is severely wounded.
The river rat bites you!
* * * LOW HITPOINT WARNING * * *
Damage: 7 (max 27)
You hit the river rat but do no damage.
The river rat is severely wounded.
The river rat bites you.
* * * LOW HITPOINT WARNING * * *
Damage: 5 (max 27)
Your scale mail prevents you from hitting the river rat.
The river rat is severely wounded.
You block the river rat's attack.
You hit the river rat.
The river rat is almost dead.
The river rat bites you but does no damage.
You hit the river rat but do no damage.
The river rat is almost dead.
You barely miss the river rat.
The river rat is almost dead.
The river rat bites you!
You die...

.................................
.................####............
......................##.........
......................#..........
......................##....!..##
......................###.###.##
......................# ### #.#
.................r....## ##.#
................@......# ##..#
#.................[..#.####..##
.....................#..#..###
........#..............%..##
....######............##..# #..##
##..........###..# ##.##
#..........# ##.####### #..##
##......#.### #.†.....# ##..##
#.######..# #########


You could see a river rat.

Vanquished Creatures
  Erica (D:9)
  A tengu warrior (D:9)
  A spiny frog (Lair:1)
  A two-headed ogre (D:8)
  A spriggan (D:7)
  3 yaks (D:9)
  A wyvern (D:8)
  An ice beast (D:8)
  3 sky beasts
  3 orc warriors
  2 porcupines
  A phantom (D:6)
  A necrophage (D:7)
  An eye of draining (D:8)
  2 centaurs
  4 big kobolds
  8 giant frogs
  2 crocodiles (D:9)
  3 scorpions
  3 crimson imps
  A centaur zombie (D:7)
  2 giant frog zombies
  2 giant frog skeletons
  Crazy Yiuf (D:7)
  A centaur skeleton (D:6)
  2 jellies
  3 hounds (D:4)
  An orc priest (D:3)
  4 worker ants
  6 iguanas
  A hell rat (D:9)
  5 orc wizards
  7 gnolls
  10 river rats
  13 adders
  A shadow imp (D:7)
  An adder zombie (D:9)
  2 oozes
  3 worms
  28 orcs
  3 giant cockroaches
  3 goblins (D:3)
  3 hobgoblins
  9 jackals
  15 kobolds
  3 quokkas
  2 ball pythons
  A ball python skeleton (D:6)
  7 bats
  A giant cockroach zombie (D:5)
  9 giant geckos
  7 giant newts
  A goblin zombie (D:3)
  2 jackal zombies
  A kobold zombie (D:3)
  8 rats
  A fungus (D:7)
213 creatures vanquished.

Vanquished Creatures (collateral kills)
  A porcupine (D:9)
1 creature vanquished.

Grand Total: 214 creatures vanquished

Notes
Turn   | Place    | Note
--------------------------------------------------------------
     0 | D:1      | Gorice the Mummy Wanderer began the quest for the Orb.
     0 | D:1      | Gorice set off with: a +2 scale mail, a +0 mace, a scroll of teleportation {!r}
     0 | D:1      | Reached XP level 1. HP: 19/19 MP: 1/1
   201 | D:1      | Reached skill level 2 in Maces & Flails
   525 | D:1      | Reached XP level 2. HP: 23/25 MP: 2/2
  1560 | D:2      | Reached XP level 3. HP: 25/30 MP: 3/3
  1621 | D:2      | Reached skill level 3 in Maces & Flails
  1931 | D:3      | Reached XP level 4. HP: 37/37 MP: 4/4
  1996 | D:3      | Found a runed door.
  1996 | D:3      | Noticed a human
  2003 | D:3      | Found a basalt altar of Yredelemnul.
  2589 | D:3      | HP: 11/37 [scorpion (4)]
  2617 | D:3      | HP: 9/37 [scorpion (5)]
  2621 | D:3      | Reached skill level 4 in Maces & Flails
  2621 | D:3      | Reached XP level 5. HP: 11/42 MP: 5/5
  2955 | D:4      | Found a sparkling altar of Nemelex Xobeh.
  3021 | D:4      | HP: 10/42 [iguana (5)]
  3299 | D:4      | Reached skill level 5 in Maces & Flails
  3520 | D:4      | Reached XP level 6. HP: 48/48 MP: 6/6
  4331 | D:4      | Reached skill level 6 in Maces & Flails
  4503 | D:5      | Entered Level 5 of the Dungeon
  4542 | D:5      | Reached XP level 7. HP: 48/54 MP: 7/7
  4748 | D:5      | Found Geitz's Distillery.
  4776 | D:5      | Found a white marble altar of Elyvilon.
  4967 | D:5      | Reached skill level 7 in Maces & Flails
  5183 | D:6      | Found a snail-covered altar of Cheibriados.
  5440 | D:5      | Reached skill level 8 in Maces & Flails
  5440 | D:5      | Reached XP level 8. HP: 51/60 MP: 8/8
  5600 | D:6      | Noticed George's ghost (experienced MfIE)
  5659 | D:6      | Found an opulent altar of Gozag.
  5701 | D:6      | Found a shimmering altar of Xom.
  5705 | D:6      | Found a sacrificial altar of Ru.
  5855 | D:6      | Got a spiked leather armour
  5859 | D:6      | Got a jewelled mace
  5860 | D:6      | Identified the cursed +2 mace of the Sky {flame, rF+ rN+ MR+} (You found it on level 6 of the Dungeon)
  5871 | D:6      | Identified the cursed +1 leather armour of Parlour Games {MR+ Dex-4 SInv} (You found it on level 6 of the Dungeon)
  6260 | D:6      | Reached skill level 9 in Maces & Flails
  7005 | D:7      | Found a staircase to the Ecumenical Temple.
  7036 | D:7      | HP: 13/60 [spriggan baker/war axe (7)]
  7038 | D:7      | HP: 4/60 [spriggan baker/war axe (10)]
  7090 | D:7      | HP: 7/60 [scorpion (7)]
  7097 | D:7      | Reached skill level 10 in Maces & Flails
  7097 | D:7      | Reached XP level 9. HP: 8/65 MP: 9/9
  7125 | Temple   | Entered the Ecumenical Temple
  7660 | D:6      | Found a burning altar of Makhleb.
  7668 | D:6      | Became a worshipper of Makhleb the Destroyer
  7985 | D:7      | Noticed Crazy Yiuf
  8126 | D:7      | Killed Crazy Yiuf
  8169 | D:7      | Got a bone hammer
  8170 | D:7      | Identified the +7 hammer of the Evening {crush, rF- rC++ rN+ Stlth+} (You found it on level 7 of the Dungeon)
  8470 | D:8      | Identified a scroll of acquirement
  8615 | D:8      | Found a radiant altar of Vehumet.
  8690 | D:8      | Reached skill level 11 in Maces & Flails
  9328 | D:8      | Acquired Makhleb's first power
  9567 | D:9      | Found a staircase to the Lair.
  9838 | D:9      | Reached skill level 12 in Maces & Flails
  9838 | D:9      | Reached XP level 10. HP: 56/71 MP: 10/10
 10230 | D:9      | Noticed a tengu warrior
 10232 | D:9      | Noticed a tengu warrior
 10287 | D:8      | HP: 21/71 [tengu warrior/dire flail[a tengu warrior] (5)]
 10668 | D:9      | Killed a tengu warrior
 10956 | D:9      | Noticed Erica
 11111 | D:9      | Killed Erica
 11111 | D:9      | Acquired Makhleb's second power
 11443 | Lair:1   | Entered Level 1 of the Lair of Beasts
 11473 | D:9      | Reached skill level 13 in Maces & Flails
 11884 | Lair:1   | HP: 8/71 [spiny frog (18)]
 11911 | D:9      | HP: 7/71 [river rat (7)]
 11912 | D:9      | HP: 2/71 [river rat (5)]
 11916 | D:9      | Slain by a river rat

Vault maps used:
D:1:      co_arrival_square_in_a_square_in_a_square, item_on_display_b
D:2:      minmay_misc_feat_pillars, st_stairs_1, serial_park_tiny_1,
          corner_web_ring
D:3:      first_bread, serial_bayou_lagoon_a, hangedman_decor_points,
          dk_yredelemnul_ordeal
D:4:      kennysheep_six_static_rooms, nemelex_lonely_heart_becter
D:5:      elyvilon_altar_5, serial_shops, nicolae_shop_statue_plus
D:6:      nicolae_overflow_hidden_temple, minitemple, overflow_temple_1_default
D:7:      minmay_temple_entry_trees, the_bakery, dk_rats_in_the_wall,
          uniq_crazy_yiuf_cottage
D:8:      vehumet_statue, minivault_11
D:9:      dpeg_lair_monsters, minmay_tree_intersection, minmay_door_square,
          uniq_erica
Temple:   circular_temple_12
Lair:1:   basic_altar, infiniplex_staircase_pool_2, grunt_megastairs_2

Action                   |  1- 3 |  4- 6 |  7- 9 | 10-12 || total
-------------------------+-------+-------+-------+-------++-------
Melee: Mace              |   117 |    62 |       |       ||   179
       Hand axe          |     5 |    93 |       |       ||    98
       Flail             |       |    62 |   251 |       ||   313
       Dagger            |       |       |    13 |     5 ||    18
       Morningstar       |       |       |    84 |   166 ||   250
 Fire: Hunting sling     |       |    42 |    99 |     4 ||   145
       Blowgun           |       |       |    15 |    25 ||    40
Throw: Stone             |    18 |    18 |       |       ||    36
       Tomahawk          |       |       |     1 |     1 ||     2
Evoke: Wand              |       |       |     4 |     3 ||     7
  Use: Scroll            |     6 |     3 |    12 |     4 ||    25

Table legend:
 A = Turns spent in this place as a percentage of turns spent in the entire game.
 B = Non-inter-level travel turns spent in this place as a percentage of non-inter-level travel turns spent in the entire game.
 C = Inter-level travel turns spent in this place as a percentage of turns spent in this place.
 D = Turns resting spent in this place as a percentage of non-inter-level travel turns spent in this place.
 E = Turns spent auto-exploring this place as a percentage of non-inter-level travel turns spent in this place.
 F = Non-inter-level travel turns spent in this place divided by the number of levels of this place that you've seen.
                   A       B       C       D       E      F
               +-------+-------+-------+-------+-------+----------------------
         Total | 100.0 | 100.0 |   0.4 |   1.6 |   5.4 | 373.7
       Dungeon |  94.7 |  94.7 |   0.4 |   1.5 |   5.3 | 432.6
        Temple |   0.6 |   0.6 |   0.0 |   8.7 |  39.1 |  23.0
          Lair |   4.7 |   4.7 |   0.0 |   2.1 |   3.1 | 195.0
               +-------+-------+-------+-------+-------+----------------------

Vault maps used:
D:1:      co_arrival_square_in_a_square_in_a_square, item_on_display_b
D:2:      minmay_misc_feat_pillars, st_stairs_1, serial_park_tiny_1,
          corner_web_ring
D:3:      first_bread, serial_bayou_lagoon_a, hangedman_decor_points,
          dk_yredelemnul_ordeal
D:4:      kennysheep_six_static_rooms, nemelex_lonely_heart_becter
D:5:      elyvilon_altar_5, serial_shops, nicolae_shop_statue_plus
D:6:      nicolae_overflow_hidden_temple, minitemple, overflow_temple_1_default
D:7:      minmay_temple_entry_trees, the_bakery, dk_rats_in_the_wall,
          uniq_crazy_yiuf_cottage
D:8:      vehumet_statue, minivault_11
D:9:      dpeg_lair_monsters, minmay_tree_intersection, minmay_door_square,
          uniq_erica
Temple:   circular_temple_12
Lair:1:   basic_altar, infiniplex_staircase_pool_2, grunt_megastairs_2
